 Dungeon Crawl Stone Soup version 0.30.0-10-gfe55d96785 (webtiles) character file.

Game seed: 3121053270196509141

361 dolemite99 the Carver (level 6, -3/47 HPs)
             Began as a Merfolk Monk on May 14, 2023.
             Slain by a sleepcap (7 damage)
             ... on level 7 of the Dungeon.
             The game lasted 00:04:40 (3584 turns).

dolemite99 the Carver (Merfolk Monk)                Turns: 3584, Time: 00:04:41

Health: -3/47      AC:  5    Str: 17 (18) XL:     6   Next: 66%
Magic:  6/6        EV: 13    Int:  8 (9)  God:
Gold:   206        SH:  0    Dex: 16 (18) Spells: 5/5 levels left

rFire   + . .        a - +1 long sword (venom)
rCold   + . .        d - orb {light}
rNeg    . . .        l - +2 leather armour {Will+}
rPois   .            (no helmet)
rElec   .            (no cloak)
rCorr   .            (no gloves)
SInv    .            (no boots)
Will    +....        m - amulet "Weah" {Acrobat +Blink rC+}
Stlth   +            g - +6 ring of strength
HPRegen 0.27/turn    n - ring of protection from fire
MPRegen 0.10/turn

%: acrobat
@: glowing
A: (nimble swimmer 2), mertail
a: Evoke Blink


You were on level 7 of the Dungeon.
You visited 1 branch of the dungeon, and saw 7 of its levels.

You collected 206 gold pieces.

Inventory:

Hand Weapons
 a - a +1 long sword of venom (weapon)
 r - a +0 falchion
Missiles
 u - 2 datura-tipped darts
Armour
 b - a +0 robe
 d - an orb of light (worn)
 f - a +0 ring mail
 i - a +0 buckler
 k - a +0 chain mail
 l - a +2 leather armour of willpower (worn)
Jewellery
 g - a +6 ring of strength (left hand)
 m - the amulet "Weah" (around neck) {Acrobat +Blink rC+}
   (You acquired it on level 3 of the Dungeon)

   [amulet of the acrobat]

   It increases your evasion while moving and waiting.
   rC:        It protects you from cold.
   +Blink:    It lets you blink.
 n - a ring of protection from fire (right hand)
 o - a +6 ring of intelligence
 s - an amulet of reflection
 E - a ring of protection from cold
Wands
 t - a wand of iceblast (5)
 y - a wand of acid (12)
Scrolls
 q - 3 scrolls of vulnerability
Potions
 c - a potion of ambrosia
 j - a potion of lignification
 p - a potion of attraction
 v - 2 potions of magic
 w - a potion of cancellation {unknown}
 x - a potion of flight
 A - a potion of haste {unknown}
 B - 2 potions of might {unknown}
 D - a potion of heal wounds {unknown}


   Skills:
 - Level 3.2 Fighting
 + Level 8.7 Long Blades
 - Level 4.0 Dodging


You had 5 spell levels left.
You didn't know any spells.
Your spell library contained the following spells:

 Spells                   Type           Power      Damage    Failure   Level
 Scorch                   Fire           0%         2d5       63%         2
 Tukima's Dance           Hex            0%         N/A       85%         3
 Flame Wave               Conj/Fire      0%         2d4       99%         4
 Fulminant Prism          Conj/Hex       0%         3d5       99%         4
 Metabolic Englaciation   Hex/Ice        0%         N/A       100%        5
 Summon Cactus Giant      Summ           0%         N/A       100%        6


Dungeon Overview and Level Annotations

Branches:
Dungeon (8/15)
 Temple: D:4-7         Lair: D:8-11

Altars:

Shops:
D:2 :

Annotations:
D:3 1 runed translucent door, kmckee's ghost, weakling DsBe
D:8 Psyche


Innate Abilities, Weirdness & Mutations

((You are very nimble when in or above water. (Stealth+, EV+, Speed+++)))
Your lower body shifts to a powerful aquatic tail in water.


Message History

You assume a fearsome visage.
The jelly looks frightened!
The iguana looks frightened!
The orc warrior looks frightened!
The orc looks frightened! x3; The sleepcap is unaffected.
The centaur looks frightened!
It was a scroll of fear.
You feel sick. The sleepcap releases spores at you.
You are engulfed in a cloud of soporific spores!
You fall asleep.
You feel sick. The sleepcap releases spores at you!
You wake up.
* * * LOW HITPOINT WARNING * * *
You are engulfed in a cloud of soporific spores!
You are unaffected.
Unknown command.
Unknown command.
The sleepcap attacks as you move away! The sleepcap misses you.
* * * LOW HITPOINT WARNING * * *
You feel sick.
Unknown command.
* * * LOW HITPOINT WARNING * * *
You feel sick.
The orc pleads, "Please!
I have a lot of children!"
Okay, then.
Unknown command.
You feel better.
The sleepcap releases spores at you but does no damage.
Okay, then.
It was a potion of degeneration.
There was something very wrong with that liquid.
You feel weakened.
You feel dopey.
You feel clumsy. The sleepcap releases spores at you.
* * * LOW HITPOINT WARNING * * *
You hit the sleepcap.
The sleepcap is lightly damaged.
The sleepcap releases spores at you but does no damage.
You hit the sleepcap but do no damage.
The sleepcap is lightly damaged.
The sleepcap closely misses you.
You slash the sleepcap!
The sleepcap is moderately damaged.
The sleepcap releases spores at you!
You die...

#o.#........#....
#..#...........##
##.)..o.........
#...#.......#.#
#.#...#.##.#
#.#.<##.##.#.#
###.(......$..
#...f....#
##.#@#...# #####
...# ...


You could see a sleepcap.

Vanquished Creatures
  A bullfrog (D:7)
  A scorpion (D:4)
  2 hounds
  An orc wizard (D:4)
  5 gnolls
  2 adders (D:2)
  4 worms
  2 dart slugs (D:1)
  7 orcs
  10 ball pythons
  5 endoplasms
  A giant cockroach (D:2)
  3 hobgoblins (D:1)
  6 kobolds
  A quokka (D:2)
  2 bats
  3 frilled lizards
  2 goblins (D:3)
  5 rats
63 creatures vanquished.

Vanquished Creatures (collateral kills)
  3 gnolls (D:2)
  A rat (D:2)
4 creatures vanquished.

Grand Total: 67 creatures vanquished

Notes
Turn   | Place    | Note
-------+----------+-------------------------------------------
     0 | D:1      | dolemite99 the Merfolk Monk began the quest for the Orb.
     0 | D:1      | Reached XP level 1. HP: 18/18 MP: 1/1
   145 | D:1      | Reached skill level 4 in Long Blades
   152 | D:1      | Reached XP level 2. HP: 24/24 MP: 2/2
   436 | D:1      | Got the Opusculum on Ensorcelling
   542 | D:1      | Reached XP level 3. HP: 29/29 MP: 3/3
   556 | D:1      | Reached skill level 5 in Long Blades
  1229 | D:2      | Found Lieba's Book Boutique.
  1234 | D:2      | Reached XP level 4. HP: 35/35 MP: 4/4
  1274 | D:3      | Reached skill level 6 in Long Blades
  1835 | D:2      | Identified the +0 robe of Conscience {rC++ Int+2}
  1973 | D:2      | Reached XP level 5. HP: 41/41 MP: 5/5
  1975 | D:2      | Reached skill level 7 in Long Blades
  2143 | D:3      | Identified a scroll of acquirement
  2172 | D:3      | Acquired the amulet "Weah" {Acrobat +Blink rC+}
  2469 | D:3      | Found a runed translucent door.
  2712 | D:3      | Noticed kmckee's ghost (weakling DsBe)
  2830 | D:4      | Reached XP level 6. HP: 37/47 MP: 6/6
  2835 | D:4      | Reached skill level 8 in Long Blades
  3447 | D:5      | Entered Level 5 of the Dungeon
  3454 | D:5      | You fall into a shaft and drop 2 floors!
  3498 | D:8      | Noticed Psyche
  3534 | D:7      | Noticed a hornet
  3561 | D:7      | Noticed an orc warrior
  3584 | D:7      | Slain by a sleepcap

Illustrated notes

Levels and vault maps discovered:
D:1:      psy_arrival_conway, layout_basic
D:2:      layout_rooms, serial_shops, nicolae_shop_advertising_works
          [nicolae_subvault_shop_adworks]
D:3:      layout_basic, ebering_ghost_reflecting_pool, grunt_decor_fettered,
          minmay_fractal_squares_gapless_5
D:4:      layout_loops_ring
D:5:      layout_basic, minmay_temple_entry_mist, guppyfry_early_orc_mine
D:7:      kennysheep_seaside_town, layout_cave_pools, overflow_temple_1_default,
          nicolae_overflow_squiral, gammafunk_ghost_arena
D:8:      layout_basic, uniq_erica, uniq_psyche

Skill      XL: |  1  2  3  4  5  6 |
---------------+-------------------+-----
Long Blades    | 4 5 6 7 8 |  8.7
Fighting       | |  3.2
Dodging        | |  4.0

Action                     |  1- 3 |  4- 6 || total
---------------------------+-------+-------++-------
  Melee: Falchion          |    63 |       ||    63
         Long sword        |     7 |    90 ||    97
  Throw: Dart              |    26 |     8 ||    34
    Use: Potion            |       |     4 ||     4
         Scroll            |       |    16 ||    16
 Armour: Ring mail         |    16 |    12 ||    28
         Skin              |       |     7 ||     7
         Leather armour    |       |     8 ||     8
  Dodge: Dodged            |    47 |    75 ||   122
